 Dungeon Crawl Stone Soup version 0.23.2-1-ga50397a (webtiles) character file.

Game seed: 10386646788775302993

87 Aurelien the Ruffian (level 4, -1/40 HPs)
             Began as a Ghoul Monk on May 27, 2019.
             Killed from afar by Sigmund (6 damage)
             ... with a wand of flame (9)
             ... on level 3 of the Dungeon.
             The game lasted 00:12:36 (2780 turns).

Aurelien the Ruffian (Ghoul Monk)                   Turns: 2780, Time: 00:12:36

Health: -1/40      AC:  3    Str: 14    XL:     4   Next: 51%
Magic:  3/3        EV: 13    Int:  5    God:
Gold:   88         SH:  0    Dex: 12    Spells: 3/3 levels left

rFire    . . .     SeeInvis .     - Unarmed
rCold    + . .     Gourm    .   (no shield)
rNeg     + + +     Faith    .   a - +0 robe
rPois    ∞         Spirit   .   (no helmet)
rElec    .         Reflect  .   (no cloak)
rCorr    .         Harm     .   m - +0 pair of gloves
MR       .....                  (no boots)
Stlth    ++........             (no amulet)
HPRegen  0.00/turn              (no ring)
MPRegen  0.08/turn              (no ring)

@: rotting
A: rotting body, claws 1, carnivore, cold resistance 1, negative energy
resistance 3, inhibited regeneration, torment resistance, unbreathing
a: no special abilities


You were on level 3 of the Dungeon.
You were not hungry.

You visited 1 branch of the dungeon, and saw 3 of its levels.

You collected 88 gold pieces.

Inventory:

Armour
 a - a +0 robe (worn)
 m - a +0 pair of gloves (worn)
Scrolls
 c - 2 scrolls of remove curse
 g - 2 scrolls of identify
Potions
 d - a potion of might {unknown}
 e - a potion of berserk rage {unknown}
 f - a potion of magic {unknown}
 i - 3 potions of heal wounds
 k - 3 potions of degeneration {unknown}
 l - a potion of resistance {unknown}
Comestibles
 b - 8 rations
 h - a chunk of flesh


   Skills:
 + Level 3.7 Fighting
 + Level 3.2 Dodging
 + Level 3.1 Stealth
 + Level 4.4 Unarmed Combat


You had 3 spell levels left.
You didn't know any spells.
Your spell library was empty.

Dungeon Overview and Level Annotations

Branches:
Dungeon (3/15)

Altars:
Sif Muna

Annotations:
D:3 Sigmund


Innate Abilities, Weirdness & Mutations

Your body is rotting away.
You thrive on raw meat.
You are immune to poison.
You have sharp fingernails.
You are carnivorous and can eat meat at any time.
Your flesh is cold resistant. (rC+)
You are immune to negative energy. (rN+++)
You do not regenerate when monsters are visible.
You are immune to unholy pain and torment.
You can survive without breathing.


Message History

Something hits you.
* * * LOW HITPOINT WARNING * * *
Eat one of 3 chunks of flesh? (ye/n/q)
You eat one of the 3 chunks of flesh.
This raw flesh tastes great!
A magic dart appears from out of thin air!
The magic dart hits you.
* * * LOW HITPOINT WARNING * * *
Eat one of 2 chunks of flesh? (ye/n/q)
You eat one of the 2 chunks of flesh.
This raw flesh tastes great!
You hear a zap.
A puff of flame appears from out of thin air!
The puff of flame hits you!
* * * LOW HITPOINT WARNING * * *
You hear a zap.
A puff of flame appears from out of thin air!
The puff of flame misses you.
You hear a zap.
A puff of flame appears from out of thin air!
The puff of flame hits you.
You die...

#................
##...............
.................
........÷........
................. ##.
........o......## ....
.......##..##### .....
..........########......
.........ool....@...#
.......###########......
.....).# ###.. .......#
.......# .......#
.....<## .....## #####


You could see 2 orcs and a frilled lizard.

Vanquished Creatures
  2 adders (D:2)
  A worm (D:2)
  A dart slug (D:1)
  2 leopard geckos
  5 giant cockroaches (D:1)
  6 goblins
  8 hobgoblins
  2 jackals (D:1)
  2 quokkas
  A ball python (D:1)
  10 bats
  7 frilled lizards
  7 kobolds
  A leopard gecko skeleton (D:3)
  5 rats (D:1)
60 creatures vanquished.

Notes
Turn   | Place    | Note
-------+----------+-------------------------------------------
     0 | D:1      | Aurelien the Ghoul Monk began the quest for the Orb.
     0 | D:1      | Reached XP level 1. HP: 19/19 MP: 0/0
   290 | D:1      | Reached XP level 2. HP: 26/26 MP: 1/1
   769 | D:1      | Reached XP level 3. HP: 23/33 MP: 2/2
  1034 | D:1      | Reached skill level 4 in Unarmed Combat
  1763 | D:2      | Reached XP level 4. HP: 40/40 MP: 3/3
  2535 | D:2      | Found a deep blue altar of Sif Muna.
  2734 | D:3      | Noticed Sigmund
  2780 | D:3      | Killed from afar by Sigmund

Skill      XL: |  1  2  3  4 |
---------------+-------------+-----
Dodging        | 3 |  3.2
Unarmed Combat | 4 |  4.4
Stealth        | 3 |  3.1
Fighting       | |  3.7

Action                   |  1- 3 |  4- 6 || total
-------------------------+-------+-------++-------
Melee: Unarmed           |   153 |    70 ||   223
       Punch             |     1 |     2 ||     3
  Use: Scroll            |     4 |     1 ||     5
 Stab: Sleeping          |     7 |     3 ||    10
  Eat: Chunk             |     9 |     8 ||    17
       Ration            |       |     1 ||     1
Armor: Robe              |    37 |     7 ||    44
Dodge: Dodged            |   143 |    51 ||   194
